AoeStats
← Clay

Hideout

510146724Analyzed
1v1 RM · 3d ago on Sep 29, 2026· 34m 47s· 2 players
Game mode
Random Map
Map size
Tiny (2 player)
Population
200
Speed
Normal
Resources
Standard
Victory
Conquest
Starting age
Dark Age
Ending age
Imperial Age
RankedLock teamsTeams togetherTeam positionsShared explorationLock speedFull tech treeHidden civsTurbo modeCheats
Victory
Defeat
🇦🇷 Bulgarians · Argentina
1107
+16
🇮🇳 Vikings · India
1100
-16
Clay
4:49 Loom
9:46 Feudal Age
12:06 Scale Mail Armor
11:47 Man-at-Arms
12:13 Arson
16:23 Double-Bit Axe
20:25 Horse Collar
21:45 Town Watch
23:12 Forging
22:55 Fletching
28:54 Castle Age
aguszani
9:38 Feudal Age
11:38 Loom
15:01 Double-Bit Axe
16:39 Padded Archer Armor
28:51 Castle Age
26:46 Fletching
27:54 Scale Mail Armor
29:39 Bloodlines
30:30 Forging
30:17 Bodkin Arrow
30:31 Town Watch
31:21 Elite Skirmisher
Connection lost

Rejoining the realm…

Still unreachable

The connection could not be restored.

Session expired

The server has moved on; the page needs a fresh start.